 Dungeon Crawl Stone Soup version 0.23-a0-386-g9c9d49f (webtiles) character file.

4160 Cryolive the Digger (level 10, -3/58 HPs)
             Began as a Gargoyle Earth Elementalist on Oct 28, 2018.
             Slain by Urug
             ... wielding a +5 double sword
              (20 damage)
             ... on level 10 of the Dungeon.
             The game lasted 00:35:01 (9175 turns).

Cryolive the Digger (Gargoyle Earth Elementalist)   Turns: 9175, Time: 00:35:02

Health: -3/58      AC: 15    Str: 12    XL:     10   Next: 28%
Magic:  0/18       EV: 13    Int: 19    God:
Gold:   524        SH:  0    Dex: 10    Spells: 11/20 levels left

rFire    + . .     SeeInvis .   i - +2 dagger (elec)
rCold    . . .     Gourm    .   (no shield)
rNeg     + . .     Faith    .   r - +2 robe {MR+}
rPois    ∞         Spirit   .   u - +1 helmet
rElec    +         Reflect  .   x - +0 cloak
rCorr    .         Harm     .   (no gloves)
MR       ++...                  (no boots)
Stlth    ++........             A - amulet of magic regeneration
HPRegen  0.19/turn              t - ring of protection from fire
MPRegen  0.41/turn              H - ring of protection from magic

@: no status effects
A: negative energy resistance 1, electricity resistance, unbreathing,
petrification resistance, rot immunity, AC +7
a: no special abilities


You were on level 10 of the Dungeon.
You were not hungry.

You visited 2 branches of the dungeon, and saw 11 of its levels.

You collected 524 gold pieces.

Inventory:

Hand Weapons
 i - a +2 dagger of electrocution (weapon)
 s - a +0 quarterstaff
Missiles
 b - 286 stones (quivered)
Armour
 h - a +0 buckler
 r - a +2 robe of magic resistance (worn)
 u - a +1 helmet (worn)
 x - a +0 cloak (worn)
Jewellery
 t - a ring of protection from fire (left hand)
 A - an amulet of magic regeneration (around neck)
 B - a +3 amulet of reflection
 H - a ring of protection from magic (right hand)
Wands
 l - a wand of random effects (35)
 q - a wand of flame (74)
 C - a wand of digging (14)
Scrolls
 a - 3 scrolls of remove curse
 f - 7 scrolls of identify
 k - a scroll of magic mapping {unknown}
 m - 3 scrolls of enchant weapon {unknown}
 o - 4 scrolls of teleportation
 p - a scroll of fear {unknown}
 v - 2 scrolls of immolation {unknown}
 w - a scroll of enchant armour {unknown}
 y - a scroll of fog {unknown}
 z - a scroll of amnesia {unknown}
 D - a scroll of vulnerability {unknown}
Potions
 c - a potion of brilliance {unknown}
 g - 2 potions of curing
 j - a potion of agility {unknown}
 n - a potion of flight {unknown}
 E - a potion of cancellation {unknown}
 I - a potion of might {unknown}
Comestibles
 d - 14 rations


   Skills:
 + Level 4.7 Fighting
 + Level 4.3 Staves
 + Level 4.5 Armour
 + Level 4.1 Dodging
 - Level 2.1 Stealth
 - Level 4.0 Shields
 + Level 5.6 Spellcasting
 + Level 5.6 Conjurations
   Level 0.7 Transmutations
 + Level 7.9 Earth Magic
 + Level 3.8 Evocations


You had 11 spell levels left.
You knew the following spells:

 Your Spells              Type           Power        Failure   Level  Hunger
a - Sandblast             Erth           #####.       1%          1    None
b - Stone Arrow           Conj/Erth      ####..       2%          3    ##.....
c - Lee's Rapid Deconstr  Erth           #####.....   13%         5    #####..

Your spell library contained the following spells:

 Spells                   Type           Power        Failure   Level  Hunger
 Passwall                 Tmut/Erth      ###.....     3%          2    None
 Dazzling Spray           Conj/Hex       ###...       11%         3    ##.....
 Corona                   Hex            #......      12%         1    None
 Ensorcelled Hibernation  Hex/Ice        #.....       19%         2    None
 Petrify                  Tmut/Erth      ###.....     21%         4    ####...
 Confuse                  Hex            #.......     34%         3    ##.....
 Tukima's Dance           Hex            #.......     34%         3    ##.....


Dungeon Overview and Level Annotations

Branches:
Dungeon (10/15)            Temple (1/1) D:5            Lair (0/6) D:8
    Orc: D:9-12

Altars:
Ashenzari
Cheibriados
Dithmenos
Elyvilon
Fedhas
Gozag
Hepliaklqana
Kikubaaqudgha
Makhleb
Nemelex Xobeh
Okawaru
Qazlal
Ru
Sif Muna
Trog
Uskayaw
Vehumet
Wu Jian
Xom
Yredelemnul
Zin
The Shining One
Jiyva

Annotations:
D:2 2 transporters
D:10 Urug


Innate Abilities, Weirdness & Mutations

You are resistant to torment.
Your stone body is resilient. (AC +7)
You are immune to poison.
You resist negative energy. (rN+)
You are resistant to electric shocks. (rElec)
You can survive without breathing.
You are immune to petrification.
You are immune to rotting.


Message History

Confirm with . or Enter, or press ? or * to list all spells.
Aiming: Sandblast (safe; 1% risk of failure)
Press: ? - help, Shift-Dir - straight line, f/p - Urug
Aim: Urug, wielding a +5 double sword and wearing a +0 chain mail (severely The blast of sand misses Urug.
b - 287 stones Urug closely misses you.
You feel better.
Casting: Sandblast (safe; 1% risk of failure)
Confirm with . or Enter, or press ? or * to list all spells.
Aiming: Sandblast (safe; 1% risk of failure)
Press: ? - help, Shift-Dir - straight line, f/p - Urug
Aim: Urug, wielding a +5 double sword and wearing a +0 chain mail (severely The blast of sand hits Urug.
Urug is almost dead.
b - 286 stones Urug grins evilly.
Urug closely misses you.
You feel better. Urug hits you with a +5 double sword!!
You die...

#..#....#
#..#....#
#.......#
#.......#
#......(#
#.......#
#....#
#...@#
#...o#
#....#
#....#
#.[..#
#....#
#....#
#....#
#....#


You could see Urug.

Vanquished Creatures
  A troll (D:8)
  Prince Ribbit (D:7)
  A hippogriff (D:8)
  A spriggan (D:7)
  Sigmund (D:3)
  A hungry ghost (D:8)
  Menkaure (D:4)
  Edmund (D:4)
  2 black bears
  A sky beast (D:8)
  An orc warrior (D:8)
  3 phantoms
  A wolf (D:7)
  5 ogres
  A centaur (D:4)
  A crocodile (D:8)
  4 bullfrogs
  3 killer bees (D:9)
  3 wights (D:7)
  2 electric eels (D:8)
  3 crimson imps
  A centaur zombie (D:8)
  8 hounds
  2 jellies
  7 orc wizards
  A centaur skeleton (D:4)
  Jessica (D:2)
  Ijyb (D:4)
  7 worker ants
  A killer bee zombie (D:9)
  A hound zombie (D:6)
  5 adders
  2 oozes
  2 adder zombies
  2 worms (D:3)
  2 dart slugs (D:2)
  6 leopard geckos
  19 orcs
  6 giant cockroaches
  5 goblins
  6 hobgoblins
  5 jackals (D:2)
  7 kobolds
  4 quokkas
  6 bats
  5 frilled lizards
  A leopard gecko skeleton (D:5)
  A quokka skeleton (D:5)
  6 rats
158 creatures vanquished.

Notes
Turn   | Place    | Note
-------+----------+-------------------------------------------
     0 | D:1      | Cryolive the Gargoyle Earth Elementalist began the quest
                  | for the Orb.
     0 | D:1      | Reached XP level 1. HP: 10/10 MP: 3/3
   305 | D:1      | Reached skill level 4 in Earth Magic
   305 | D:1      | Reached XP level 2. HP: 15/15 MP: 5/5
   706 | D:2      | Found a radiant altar of Vehumet.
   708 | D:2      | Noticed a wyvern
   710 | D:2      | Found a transporter.
   734 | D:2      | Found a transporter.
   871 | D:2      | Reached XP level 3. HP: 17/19 MP: 6/6
   882 | D:2      | Learned a level 3 spell: Stone Arrow
   981 | D:2      | Noticed Jessica
   989 | D:2      | Killed Jessica
  1053 | D:2      | Reached skill level 1 in Conjurations
  1108 | D:2      | Reached XP level 4. HP: 20/24 MP: 8/8
  1134 | D:2      | Found a sacrificial altar of Ru.
  1436 | D:3      | Found a hide-covered altar of Uskayaw.
  1436 | D:3      | Found a sparkling altar of Nemelex Xobeh.
  1456 | D:3      | Reached skill level 5 in Earth Magic
  1478 | D:3      | Noticed Sigmund
  1487 | D:3      | Killed Sigmund
  1487 | D:3      | Reached XP level 5. HP: 15/28 MP: 0/10
  1487 | D:3      | Reached XP level 6. HP: 17/32 MP: 0/11
  1494 | D:3      | Learned a level 5 spell: Lee's Rapid Deconstruction
  1969 | D:3      | Found a sparkling altar of Nemelex Xobeh.
  2515 | D:4      | Found a hazy altar of Hepliaklqana.
  2529 | D:4      | Found a shattered altar of Ashenzari.
  2538 | D:4      | Found a basalt altar of Yredelemnul.
  2543 | D:4      | Reached skill level 1 in Fighting
  2543 | D:4      | Reached skill level 1 in Staves
  2543 | D:4      | Reached skill level 1 in Armour
  2543 | D:4      | Reached skill level 1 in Shields
  2543 | D:4      | Reached XP level 7. HP: 38/38 MP: 11/13
  2563 | D:4      | Reached skill level 6 in Earth Magic
  2567 | D:4      | Reached skill level 1 in Evocations
  2576 | D:4      | Found a shimmering altar of Xom.
  2805 | D:4      | Noticed Menkaure
  2806 | D:4      | Noticed Ijyb
  2862 | D:4      | Killed Menkaure
  3043 | D:4      | Killed Ijyb
  3083 | D:4      | Found an iron altar of Okawaru.
  3438 | D:4      | Noticed Edmund
  3454 | D:4      | Killed Edmund
  3454 | D:4      | Reached XP level 8. HP: 32/44 MP: 1/14
  3867 | D:5      | Entered Level 5 of the Dungeon
  4364 | D:5      | Found a staircase to the Ecumenical Temple.
  4387 | Temple   | Entered the Ecumenical Temple
  5040 | D:6      | Found a snail-covered altar of Cheibriados.
  5837 | D:7      | Noticed a spriggan baker
  5843 | D:7      | Killed a spriggan baker
  6014 | D:7      | Noticed Prince Ribbit
  6025 | D:7      | Killed Prince Ribbit
  6025 | D:7      | Reached XP level 9. HP: 50/50 MP: 3/16
  6252 | D:7      | Reached skill level 7 in Earth Magic
  6377 | D:7      | Found a blossoming altar of Fedhas.
  7119 | D:8      | Reached skill level 5 in Spellcasting
  7449 | D:8      | Noticed a troll
  7541 | D:8      | Killed a troll
  7541 | D:8      | Reached skill level 5 in Conjurations
  8174 | D:8      | Reached XP level 10. HP: 57/57 MP: 11/18
  8466 | D:8      | Found a staircase to the Lair.
  9056 | D:9      | Found a white marble altar of Elyvilon.
  9155 | D:10     | Entered Level 10 of the Dungeon
  9155 | D:10     | Noticed Urug
  9171 | D:10     | HP: 2/58 [Urug/+5 double sword (22)]
  9175 | D:10     | Slain by Urug

Vault maps used:
D:1:      wheals_arrival_linesprint, minmay_pentomino_o2
D:2:      nicolae_ru_great_annihilating_truth, gammafunk_temple_overflow_arena,
          uniq_jessica
D:3:      chequers_temple_overflow_statue_of_worship,
          nemelex_spade_bored_becter, uniq_sigmund
D:4:      yredelemnul_altar_generic, lemuel_doored_altar, kennysheep_little_box,
          overflow_temple_1_default, kennysheep_path_1, ashenzari_altar_1,
          uniq_menkaure, uniq_ijyb, uniq_edmund
D:5:      temple_hall, first_ration, serial_bayou_ford_a,
          kennysheep_generic_room_11
D:6:      marbit_many_paths, minmay_hedge_maze
D:7:      cheibrodos_quashed, fedhas_altar_4, the_bakery, moated_statue,
          uniq_prince_ribbit1
D:8:      erik_lair_island
D:9:      kennysheep_mini_moat
D:10:     serial_glass, glass_columns_c, glass_columns_b, item_on_display_a,
          feat_on_display, feat_on_display, due_unseen_surprise, uniq_josephine,
          uniq_urug
Temple:   pf_slime_end_temple

Skill      XL: |  1  2  3  4  5  6  7  8  9 10 |
---------------+-------------------------------+-----
Earth Magic    | 4 5 6 7 |  7.9
Conjurations   | 1 2 3 4 5 |  5.6
Spellcasting   | 3 4 5 |  5.6
Fighting       | 1 2 3 4 |  4.7
Staves         | 1 2 4 |  4.3
Armour         | 1 2 3 4 |  4.5
Shields        | 1 3 4 |  4.0
Evocations     | 1 2 3 |  3.8
Dodging        | 2 3 4 |  4.1
Stealth        | |  2.1
Transmutations | |  0.7

Action                   |  1- 3 |  4- 6 |  7- 9 | 10-12 || total
-------------------------+-------+-------+-------+-------++-------
Melee: Unarmed           |    14 |       |       |       ||    14
       Dagger            |    40 |   124 |   223 |    67 ||   454
 Cast: Sandblast         |     1 |    19 |    21 |    18 ||    59
       Stone Arrow       |       |     2 |    53 |    16 ||    71
       Lee's Rapid Decon |       |       |     4 |     2 ||     6
  Use: Scroll            |       |     1 |     4 |       ||     5
       Potion            |       |       |       |     4 ||     4
 Stab: Sleeping          |     6 |     3 |     5 |     1 ||    15
       Invisible         |       |     1 |       |       ||     1
       Paralysed         |       |     1 |       |       ||     1
  Eat: Chunk             |       |     5 |    18 |     2 ||    25
       Ration            |       |       |     3 |     1 ||     4
Armor: Robe              |    13 |    65 |   109 |    32 ||   219
Dodge: Dodged            |    34 |    85 |   186 |    36 ||   341
Block: Other             |       |       |    25 |       ||    25
       Reflection        |       |       |     1 |       ||     1

Table legend:
 A = Non-vault XP
 B = Vault XP
 C = Vault XP percentage of total XP
 D = Non-vault monster count
 E = Vault monster count
 F = Vault count percentage of total count
                 A         B        C        D         E       F
            +---------+---------+-------+---------+---------+-------
      Total |    4114 |    1830 |  30.8 |     135 |      23 |  14.6
            +---------+---------+-------+---------+---------+-------
        D:1 |      14 |       3 |  17.6 |       6 |       2 |  25.0
        D:2 |      39 |      84 |  68.3 |      20 |       5 |  20.0
        D:3 |      67 |     208 |  75.6 |      24 |       1 |   4.0
        D:4 |     479 |     352 |  42.4 |      19 |       3 |  13.6
        D:5 |     324 |       1 |   0.3 |      11 |       1 |   8.3
        D:6 |     368 |      20 |   5.2 |      12 |       1 |   7.7
        D:7 |     599 |     602 |  50.1 |      13 |       3 |  18.8
        D:8 |    1598 |     560 |  25.9 |      19 |       7 |  26.9
        D:9 |     626 |       0 |   0.0 |      11 |       0 |   0.0
            +---------+---------+-------+---------+---------+-------
